 Dungeon Crawl Stone Soup version 0.28.0-53-g5a82cb258f (webtiles) character file.

Game seed: 8318256814339677529

6 Deemzul the Skirmisher (level 1, -1/16 HPs)
             Began as an Octopode Fighter on Aug 7, 2022.
             Slain by a quokka (2 damage)
             ... on level 1 of the Dungeon.
             The game lasted 00:00:34 (262 turns).

Deemzul the Skirmisher (Octopode Fighter)            Turns: 262, Time: 00:00:35

Health: -1/16      AC:  1    Str: 15    XL:     1   Next: 90%
Magic:  1/1        EV: 13    Int: 10    God:
Gold:   9          SH:  4    Dex: 11    Spells: 0/0 levels left

rFire   . . .      SeeInvis .   a - +0 long sword
rCold   . . .      Faith    .   b - +0 buckler
rNeg    . . .      Spirit   .   (helmet restricted)
rPois   .          Reflect  .   (no amulet)
rElec   .          Harm     .   (no ring)
rCorr   .          Rampage  .   (no ring)
Will    .....                   (no ring)
Stlth   +++.......              (no ring)
HPRegen 0.05/turn               (no ring)
MPRegen 0.07/turn               (no ring)
                                (no ring)
                                (no ring)

@: no status effects
A: almost no armour, amphibious, 8 rings, camouflage 1, gelatinous body 1,
nimble swimmer 1, tentacles
a: no special abilities


You were on level 1 of the Dungeon.
You visited 1 branch of the dungeon, and saw 1 of its levels.

You collected 9 gold pieces.

Inventory:

Hand Weapons
 a - a +0 long sword (weapon)
Armour
 b - a +0 buckler (worn)
Scrolls
 d - a scroll of vulnerability {unknown}
Potions
 c - a potion of might


   Skills:
 + Level 3.1 Fighting
 + Level 2.1 Long Blades
 + Level 3.1 Dodging
 + Level 3.1 Shields


You couldn't memorise any spells.
You didn't know any spells.
Your spell library was empty.

Dungeon Overview and Level Annotations

Branches:
Dungeon (1/15)

Altars:


Innate Abilities, Weirdness & Mutations

You cannot wear most types of armour.
You are amphibious.
You can wear up to eight rings at the same time.
Your skin changes colour to match your surroundings (Stealth+).
Your rubbery body absorbs attacks. (AC +1, EV +1)
You are camouflaged when in or above water. (Stealth+)
You have tentacles for arms and can constrict up to eight enemies at once.


Message History

The quokka bites the plant.
The plant begins to die.
There are monsters nearby!
There are monsters nearby!
There are monsters nearby!
There are monsters nearby!
The quokka splashes around in the water.
The quokka twitches its whiskers.
The quokka bites the plant.
The quokka bites the plant. x2
The quokka splashes around in the water.
A nearby plant withers and dies.
The quokka bites the plant.
The plant begins to die.
The quokka bites the plant.
The quokka bites the plant.
The plant begins to die.
The quokka bites the plant.
A nearby plant withers and dies.
The quokka bites the plant.
The quokka bites the plant.
The quokka bites the plant.
A nearby plant withers and dies.
You barely miss the kobold. Your grab misses the kobold.
The quokka completely misses the plant.
The quokka bites the plant.
The plant begins to die.
You block the kobold's attack.
You slash the kobold!
You kill the kobold!
You hear a splash.
The quokka bites the plant. x2
The quokka bites the plant.
Things that are here:
a +0 whip; a kobold corpse The quokka bites the plant.
A nearby plant withers and dies.
You closely miss the quokka. Your grab misses the quokka.
The quokka barely misses you.
You hit the quokka. Your grab misses the quokka.
Your squeeze misses the quokka.
The quokka is moderately wounded.
The quokka bites you.
* * * LOW HITPOINT WARNING * * *
The quokka bites you.
You die... #.≈≈≈≈≈P# #≈.≈≈≈≈≈# ##.≈≈≈≈P# ##.≈≈≈≈≈≈# ## #.≈≈≈≈PPP# ## #. #P.≈≈≈≈≈P# #B... #.≈≈≈≈PPP# .) #.#. ##.≈≈≈)≈≈# .. .rS

##.≈≈@r≈# #. #.###
##.≈≈≈≈.# #. ###...#
##.≈≈≈≈.P# #.###.###.#.
#.≈≈≈≈.≈P# #...........
##.≈≈≈.P.####.....#####
##.≈≈≈[≈#...r.K.......
#..≈≈..#.##.....#####
##P..≈≈≈#.##.....#
#....≈..#K########


You could see a quokka.

Vanquished Creatures
  2 endoplasms (D:1)
  A kobold (D:1)
  A ball python (D:1)
  A bat (D:1)
  A frilled lizard (D:1)
6 creatures vanquished.

Vanquished Creatures (others)
  4 plants (D:1)
4 creatures vanquished.

Grand Total: 10 creatures vanquished

Notes
Turn   | Place    | Note
-------+----------+-------------------------------------------
     0 | D:1      | Deemzul the Octopode Fighter began the quest for the Orb.
     0 | D:1      | Reached XP level 1. HP: 16/16 MP: 1/1
   262 | D:1      | Slain by a quokka

Illustrated notes

Levels and vault maps discovered:
D:1:      lightli_arrival_windingriver, layout_basic, minmay_indecisive_spiral

Action                   || total
-------------------------++-------
Melee: Long sword        ||    15
       Constrict         ||     2
       Tentacles         ||     2
Armor: Skin              ||     2
Dodge: Dodged            ||     6
Block: Buckler           ||     2
